 Dungeon Crawl Stone Soup version 0.30.0-18-gc0e69614cb (webtiles) character file.

Game seed: 6778305948482448381

224 Josd the Chopper (level 6, -9/73 (79) HPs)
             Began as a Hill Orc Berserker on May 24, 2023.
             Was a Believer of Trog.
             Mangled by an ogre
             ... wielding a +0 giant club
              (10 damage)
             ... on level 3 of the Dungeon.
             The game lasted 00:11:31 (2728 turns).

Josd the Chopper (Hill Orc Berserker)               Turns: 2728, Time: 00:11:34

HP:   -9/73 (79)    AC: 23    Str: 21 (22) XL:     6   Next: 0%
MP:   6/6           EV:  2    Int:  5 (7)  God:    Trog [**....]
Gold: 173           SH:  6    Dex:  9 (10) Spells: 5/5 levels left

rFire   . . .        a - +0 hand axe (venom)
rCold   . . .        o - +0 kite shield
rNeg    . . .        d - melded +0 scale mail
rPois   +            (helmet currently unavailable)
rElec   .            (cloak currently unavailable)
rCorr   .            (gloves currently unavailable)
SInv    .            (boots currently unavailable)
Will    .....        (no amulet)
Stlth   +            k - +4 ring of slaying
HPRegen 0.32/turn    (no ring)
MPRegen 0.10/turn

%: no passive effects
@: lethally poisoned (-9 -> -12), tree-form, drained
A: stationary, stasis, torment immunity, boosted hp
a: Renounce Religion, Berserk, Trog's Hand


You were on level 3 of the Dungeon.
You worshipped Trog.
Trog was pleased with you.
You were a tree.
You visited 1 branch of the dungeon, and saw 3 of its levels.

You collected 173 gold pieces.

Inventory:

Hand Weapons
 a - a +0 hand axe of venom (weapon)
Missiles
 j - 9 poisoned darts (quivered)
Armour
 d - a +0 scale mail (melded)
 o - a +0 kite shield (worn)
Jewellery
 k - a +4 ring of slaying (left branch)
Scrolls
 b - a scroll of immolation {unknown}
 c - 2 scrolls of teleportation
 f - a scroll of blinking {unknown}
 g - a scroll of fog {unknown}
 m - 2 scrolls of identify {unknown}
 n - a scroll of enchant armour {unknown}
Potions
 e - a potion of mutation {unknown}
 h - a potion of lignification
 i - a potion of magic {unknown}
 l - a potion of attraction {unknown}
 p - a potion of heal wounds {unknown}
 q - a potion of degeneration


   Skills:
 + Level 4.4 Fighting
 + Level 6.3 Axes
 + Level 3.5 Armour
 + Level 2.0 Dodging
 + Level 0.7 Stealth
 + Level 1.4 Shields


You had 5 spell levels left.
You didn't know any spells.
Your spell library was empty.

Dungeon Overview and Level Annotations

Branches:
Dungeon (3/15)

Altars:
Gozag
The Shining One

Annotations:
D:3 Rello's ghost, amateur GnWn


Message History

The scorpion poisons you! You block Rello's ghost's attack.
You slash Rello's ghost!
Rello's ghost is moderately damaged.
You hit the scorpion.
You feel very sick. You block the scorpion's attack. Rello's ghost hits you.
You feel drained. You block the scorpion's attack.
You hit Rello's ghost.
Rello's ghost is moderately damaged.
You hit the scorpion.
The scorpion looks as sick as possible!
You feel very sick.
You kill the scorpion!
Trog accepts your kill.
Rello's ghost hits you but does no damage.
You feel drained.
Your life force feels restored.
You have reached level 6!
Rello's ghost attacks as you move away! You block Rello's ghost's attack.
You feel sick. The ogre hits you with a +0 giant club!
The ogre attacks as you move away!
The ogre hits you with a +0 giant club!!
* * * LOW HITPOINT WARNING * * *
x2 You feel sick.
Rello's ghost hits you but does no damage.
You feel drained.
It was a potion of lignification.
You turn into a tree.
Your +0 scale mail melds into your body.
Your roots penetrate the ground.
* * * LOW HITPOINT WARNING * * *
You feel sick.
Rello's ghost hits you but does no damage.
You feel drained.
It was a potion of degeneration.
There was something very wrong with that liquid.
You feel weakened.
You feel dopey.
You feel clumsy.
* * * LOW HITPOINT WARNING * * *
You feel sick.
Rello's ghost hits you but does no damage.
You feel drained. The ogre hits you with a +0 giant club!
You die...

#.###.## #.#
#.# #.# #.#
#)# #.#
#########
#.###.#
##.8.##..#
......#
#∩..(.#..#
#.#####
#8$.$.'..##
#...#
#∩.8_$'...#
###.#
#8.$$.(W..#
#.#
#...$.#O♣.#
#.#
##.8.##...#
#.# #######..#
#.# #.###.##
#.# #.....#
#.# #.#####
**#.# #.#
,,..# #.#
############.#


You could see an ogre and Rello's ghost.

Vanquished Creatures
  A scorpion (D:3)
  An orc wizard (D:3)
  6 adders (D:3)
  An ufetubus (D:3)
  3 worms
  3 dart slugs
  7 orcs (D:3)
  11 endoplasms
  6 goblins
  3 hobgoblins
  4 jackals (D:3)
  3 kobolds
  2 ball pythons
  3 bats
  4 frilled lizards
  6 rats
64 creatures vanquished.

Notes
Turn   | Place    | Note
-------+----------+-------------------------------------------
     0 | D:1      | Josd the Hill Orc Berserker began the quest for the Orb.
     0 | D:1      | Reached XP level 1. HP: 19/19 MP: 1/1
   188 | D:1      | Reached XP level 2. HP: 26/27 MP: 2/2
   711 | D:1      | Reached XP level 3. HP: 32/33 MP: 3/3
  1137 | D:2      | Found a faded altar of an unknown god.
  1946 | D:3      | Reached skill level 5 in Axes
  1946 | D:3      | Reached XP level 4. HP: 40/40 MP: 4/4
  1965 | D:3      | Reached ** piety under Trog
  2311 | D:3      | Found a glowing golden altar of the Shining One.
  2388 | D:3      | Reached XP level 5. HP: 40/46 MP: 5/5
  2412 | D:3      | Reached skill level 1 in Shields
  2631 | D:3      | Reached skill level 6 in Axes
  2708 | D:3      | Found a runed translucent gate.
  2708 | D:3      | Found a runed translucent gate.
  2708 | D:3      | Found a runed translucent gate.
  2709 | D:3      | Found an opulent altar of Gozag.
  2710 | D:3      | Noticed Rello's ghost (amateur GnWn)
  2711 | D:3      | Noticed an ogre
  2725 | D:3      | Reached XP level 6. HP: 37/53 MP: 6/6
  2726 | D:3      | HP: 2/53 [ogre/+0 giant club (18)]
  2728 | D:3      | Mangled by an ogre

Illustrated notes

Levels and vault maps discovered:
D:1:      ldierk_walled_garden_2, layout_basic, dk_noncrumbling_3,
          serial_bayou_lagoon_b
D:2:      layout_basic, dreamdust_ecumenical_altar_hidden_monk_grotto,
          st_stairs_11
D:3:      layout_loops_ring, mainiacjoe_overflow_paths, ebering_ghost_gozag,
          nicolae_half_adder

Skill      XL: |  1  2  3  4  5 |
---------------+----------------+-----
Fighting       | 4 |  4.4
Axes           | 5 6 |  6.3
Dodging        | 2 |  2.0
Shields        | 1 |  1.4
Armour         | 3 |  3.5
Stealth        | |  0.7

Action                     |  1- 3 |  4- 6 || total
---------------------------+-------+-------++-------
  Melee: Hand axe          |    92 |    52 ||   144
  Throw: Dart              |       |     3 ||     3
 Invoke: Berserk           |     3 |     2 ||     5
    Use: Scroll            |     1 |     3 ||     4
         Potion            |       |     3 ||     3
 Armour: Animal skin       |     1 |       ||     1
         Scale mail        |    27 |    21 ||    48
         Skin              |       |     2 ||     2
  Dodge: Dodged            |    27 |    22 ||    49
  Block: Kite shield       |     8 |    18 ||    26
